 Dungeon Crawl Stone Soup version 0.28.0-53-g5a82cb258f (webtiles) character file.

Game seed: 10867155891208523224

267 Martska the Ducker (level 6, 0/48 HPs)
             Began as a Human Warper on June 25, 2022.
             Was an Initiate of the Shining One.
             Slain by an unseen horror (5 damage)
             ... on level 6 of the Dungeon.
             The game lasted 00:10:37 (4943 turns).

Martska the Ducker (Human Warper)                   Turns: 4943, Time: 00:10:38

Health: 0/48       AC:  3    Str: 13    XL:     6   Next: 45%
Magic:  7/9        EV: 12    Int: 14    God:    the Shining One [......]
Gold:   136        SH:  0    Dex: 12    Spells: 7/9 levels left

rFire   . . .      SeeInvis .   a - +0 spear
rCold   . . .      Faith    .   (no shield)
rNeg    . . .      Spirit   .   b - +0 leather armour
rPois   .          Reflect  .   (no helmet)
rElec   .          Harm     .   (no cloak)
rCorr   .          Rampage  .   (no gloves)
Will    .....                   (no boots)
Stlth   +.........              (no amulet)
HPRegen 0.16/turn               (no ring)
MPRegen 0.11/turn               (no ring)

@: on blink cooldown, glowing
A: no striking features
a: Renounce Religion


You were on level 6 of the Dungeon.
You worshipped the Shining One.
The Shining One was noncommittal.
You visited 1 branch of the dungeon, and saw 6 of its levels.

You collected 136 gold pieces.

Inventory:

Hand Weapons
 a - a +0 spear (weapon)
Missiles
 d - a boomerang of dispersal (quivered)
Armour
 b - a +0 leather armour (worn)
Magical Staves
 j - a staff of earth
Scrolls
 c - a scroll of immolation
 g - 3 scrolls of identify
Potions
 e - a potion of degeneration
 f - 2 potions of magic
 i - a potion of attraction


   Skills:
 * Level 3.9 Fighting
 * Level 3.9 Polearms
 - Level 1.0 Throwing
 - Level 1.0 Armour
 * Level 4.0 Dodging
 - Level 2.0 Spellcasting
 - Level 3.0 Translocations


You had 7 spell levels left.
You knew the following spells:

 Your Spells              Type           Power      Damage    Failure   Level
a - Blink                 Tloc           18%        N/A       13%         2

Your spell library contained the following spells:

 Spells                   Type           Power      Damage    Failure   Level
 Gell's Gravitas          Tloc           9%         N/A       26%         3
 Lesser Beckoning         Tloc           9%         N/A       26%         3
 Teleport Other           Tloc           9%         N/A       26%         3
 Manifold Assault         Tloc           9%         N/A       94%         5


Dungeon Overview and Level Annotations

Branches:
Dungeon (6/15)
 Temple: D:4-7

Altars:
The Shining One

Shops:
D:2 (


Message History

You hit the iguana.
The iguana is almost dead.
The iguana bites you.
* * * LOW HITPOINT WARNING * * *
Reach: a) +0 spear
Press: ? - help, Dir - move target, f/p - iguana
Aim: an iguana (almost dead, about 35% to evade your +0 spear)
You hit the iguana but do no damage.
The iguana is almost dead.
The iguana bites you but does no damage.
Reach: a) +0 spear
Press: ? - help, Dir - move target, f/p - iguana
Aim: an iguana (almost dead, about 35% to evade your +0 spear)
You hit the iguana.
The iguana is almost dead.
The iguana bites you.
* * * LOW HITPOINT WARNING * * *
Reach: a) +0 spear
Press: ? - help, Dir - move target, f/p - iguana
Aim: an iguana (almost dead, about 35% to evade your +0 spear)
You hit the iguana.
You kill the iguana!
Your Dodging skill increases to level 4!
You start resting.
Something hits you.
Deactivating autopickup; reactivate with Ctrl-A.
This spell is dangerous to cast!
Memorise Teleport Other, consuming 3 spell levels and leaving 4?
Something hits you.
Your memorisation is interrupted.
Something hits you!
Casting: Blink (safe; 13% risk of failure)
Confirm with . or Enter, or press ? or * to list all spells.
You blink.
Found a red potion.
Found a stone staircase leading down.
A shadow imp comes into view.
Something hits you.
* * * LOW HITPOINT WARNING * * *
Something hits you!
* * * LOW HITPOINT WARNING * * *
Something hits you.
You die...

#.
#.#.###.####### #
#.#....##........
#. #
#......########.
#. .#.##....# #.
#.##.####.#.# #.
###.........#.#
#.
#...........#.#
#.
##...$..####.#.#
#. ........@# #.#
#. !.........#
#.# #.
..........>....
#.
##......#####.#
#. #.....## #.#
#. #5.#.# #.
...#. #. ## .. #<
#.


You could see a shadow imp.

Vanquished Creatures
  An ogre (D:5)
  Jessica (D:2)
  2 iguanas
  4 adders
  A worm (D:2)
  2 dart slugs (D:2)
  An orc (D:1)
  3 bats
  3 endoplasms
  6 giant cockroaches
  5 goblins
  6 hobgoblins
  A jackal (D:1)
  5 kobolds
  4 quokkas
  5 ball pythons
  4 frilled lizards
  A goblin skeleton (D:3)
  A goblin zombie (D:3)
  3 hobgoblin zombies (D:3)
  6 rats
65 creatures vanquished.

Notes
Turn   | Place    | Note
-------+----------+-------------------------------------------
     0 | D:1      | Martska the Human Warper began the quest for the Orb.
     0 | D:1      | Reached XP level 1. HP: 16/16 MP: 3/3
   407 | D:1      | Reached XP level 2. HP: 19/22 MP: 5/5
   902 | D:1      | Reached XP level 3. HP: 28/28 MP: 6/6
   941 | D:1      | Learned a level 2 spell: Blink
  1366 | D:2      | Found Koiho's Antique Weapon Shoppe.
  1455 | D:2      | Noticed Jessica
  1468 | D:2      | Killed Jessica
  1469 | D:2      | Reached skill level 3 in Dodging
  1469 | D:2      | Reached XP level 4. HP: 2/35 MP: 7/7
  2101 | D:2      | You fall into a shaft and drop 2 floors!
  2508 | D:2      | Reached XP level 5. HP: 36/41 MP: 8/8
  2871 | D:2      | Found a faded altar of an unknown god.
  3289 | D:3      | Found a glowing golden altar of the Shining One.
  3308 | D:3      | Became a worshipper of the Shining One
  4317 | D:2      | You fall into a shaft and drop 2 floors!
  4341 | D:5      | Entered Level 5 of the Dungeon
  4341 | D:5      | Noticed an ogre
  4349 | D:5      | Killed an ogre
  4350 | D:5      | Reached XP level 6. HP: 20/48 MP: 9/9
  4646 | D:5      | Noticed an ice beast
  4761 | D:6      | Reached skill level 4 in Dodging
  4943 | D:6      | Slain by an unseen horror

Illustrated notes

Levels and vault maps discovered:
D:1:      evilmike_arrival_crescent, layout_basic, minmay_misc_feat_x,
          minmay_small_reverse_x
D:2:      layout_loops_corners, dreamdust_ecumenical_altar_angels_and_demons,
          serial_shops, shop, uniq_jessica
D:3:      layout_rooms, nicolae_tso_besieged_by_evil,
          mainiacjoe_overflow_brackets
D:4:      layout_cave_pools
D:5:      layout_loops_corners, serial_glass, glass_columns_a, glass_columns_a,
          uniq_sigmund, uniq_duvessa, uniq_ijyb
D:6:      layout_loops_ring, mainiacjoe_overflow_catwalk,
          uniq_crazy_yiuf_cottage, uniq_edmund

Skill      XL: |  1  2  3  4  5  6 |
---------------+-------------------+-----
Fighting       | 3 |  3.9
Dodging        | 3 4 |  4.0
Polearms       | 3 |  3.9
Throwing       | |  1.0
Armour         | |  1.0
Spellcasting   | |  2.0
Translocations | |  3.0

Action                   |  1- 3 |  4- 6 || total
-------------------------+-------+-------++-------
Melee: Spear             |   138 |   178 ||   316
       Punch             |     1 |     2 ||     3
Throw: Boomerang         |       |     4 ||     4
 Cast: Blink             |       |     5 ||     5
  Use: Scroll            |     2 |     6 ||     8
 Stab: Sleeping          |     4 |       ||     4
Armor: Leather armour    |    31 |    32 ||    63
Dodge: Dodged            |    59 |    92 ||   151
